 Dungeon Crawl Stone Soup version 0.20.1-1-g8b1a95d (webtiles) character file.

26009 Jazqa the Fighter (level 13, -13/97 HPs)
             Began as a Gargoyle Chaos Knight on Oct 30, 2017.
             Mangled by a meliai
             ... wielding a +0 broad axe
              (18 damage)
             ... on level 5 of the Lair of Beasts.
             The game lasted 00:37:14 (14720 turns).

Jazqa the Fighter (Gargoyle Chaos Knight)          Turns: 14720, Time: 00:37:19

Health: -13/97     AC: 22    Str: 21 (23) XL:     13   Next: 23%
Magic:  13/13      EV: 12    Int: 13 (14) God:    Xom [..*...]
Gold:   747        SH:  5    Dex: 14      Spells: 12/12 levels left

rFire    + . .     SeeInvis +   M - +8 whip "Snakebite" {curare, rPois, =f}
rCold    + . .     Gourm    .   G - +0 buckler
rNeg     + . .     Faith    .   v - +0 chain mail {rC+}
rPois    ∞         Spirit   .   y - +1 helmet
rElec    +         Reflect  .   (no cloak)
rCorr    .         Harm     .   k - +0 pair of gloves
MR       .....     Clarity  +   (boots unavailable)
Stlth    ..........             (no amulet)
Regen    0.3/turn               i - ring "Coefemish" {+Blink rF+ SInv}
MPRegen  0.2/turn               S - +6 ring of strength

@: hasted, very quick
A: claws 2, talons 3, iridescent scales 1, agile 1, clarity, deformed body,
deterioration 1, mutation resistance 1, negative energy resistance 1, sense
surroundings 1, robust 1, electricity resistance, unbreathing, petrification
resistance, rot immunity, AC +9
a: Renounce Religion, Evoke Blink


You were on level 5 of the Lair of Beasts.
You worshipped Xom.
You were a toy of Xom.
You were hungry.

You visited 2 branches of the dungeon, and saw 14 of its levels.
You also visited: Sewer and Ice Cave.

You collected 747 gold pieces.


Innate Abilities, Weirdness & Mutations

You are resistant to torment.
Your stone body is resilient. (AC +9)
You are immune to poison.
You resist negative energy. (rN+)
You are resistant to electric shocks. (rElec)
You can survive without breathing.
You are immune to petrification.
You are immune to rotting.
You have very sharp fingernails.
You have claws for feet.
You are partially covered in iridescent scales. (AC +2)
You are agile. (Dex +2)
You possess an exceptional clarity of mind.
Armour fits poorly on your strangely shaped body.
Your body sometimes deteriorates upon taking damage.
You are somewhat resistant to further mutation.
You passively map a small area around you.
You are robust. (+10% HP)


   Skills:
 + Level 13.8 Fighting
 - Level 12.4 Maces & Flails
 + Level 10.0 Armour
 + Level 7.7 Dodging
 + Level 4.1 Shields


You had 12 spell levels left.
You didn't know any spells.

Inventory:

Hand Weapons
 M - the +8 whip "Snakebite" (weapon) {curare, rPois, =f}
   (You found it on level 1 of the Lair of Beasts)

   It poisons the flesh of those it strikes.
   It protects you from poison.
Missiles
 o - 2 throwing nets (quivered) {=f}
Armour
 k - a +0 pair of gloves (worn)
 v - a +0 chain mail of cold resistance (worn)
 y - a +1 helmet (worn)
 G - a +0 buckler (worn)
 H - the +3 chain mail of the Many Places {*Slow rF+ rC+ rCorr}
   (You found it on level 3 of the Lair of Beasts)

   It protects you from fire.
   It protects you from cold.
   It protects you from acid and corrosion.
   It may slow you when you take damage.
Jewellery
 i - the ring "Coefemish" (left hand) {+Blink rF+ SInv}
   (You found it on level 6 of the Dungeon)

   [ring of protection from fire]

   It protects you from fire.
   It lets you see invisible.
   It lets you blink.
 C - an uncursed ring of protection from cold
 S - a +6 ring of strength (right hand)
Wands
 s - a wand of iceblast (6/15)
 E - a wand of confusion (32/48)
 F - a wand of flame (19/48)
 K - a wand of confusion (22/48)
 N - a wand of digging (15/24)
Scrolls
 b - a scroll of blinking {unknown}
 d - 7 scrolls of remove curse {@r2}
 g - 2 scrolls of amnesia
 p - 6 scrolls of identify {@r1}
 u - 3 scrolls of magic mapping
 D - a scroll of immolation {unknown}
 J - a scroll of torment {unknown}
Potions
 a - a potion of cancellation {unknown}
 e - a potion of degeneration {unknown}
 f - 3 potions of might {unknown}
 l - 2 potions of magic
 m - 3 potions of curing {@q1}
 n - a potion of brilliance
 r - 2 potions of flight
 w - 3 potions of lignification {unknown}
 z - a potion of agility {unknown}
 A - a potion of invisibility {unknown}
 L - a potion of mutation {unknown}
Books
 j - a book of Necromancy

   Spells                             Type                      Level
   a - Pain                           Necromancy                   1
   b - Animate Skeleton               Necromancy                   1
   c - Vampiric Draining              Necromancy                   3
   d - Regeneration                   Charms/Necromancy            3
   e - Animate Dead                   Necromancy                   4
   f - Control Undead                 Necromancy                   4
 x - a book of Misfortune

   Spells                             Type                      Level
   a - Confusing Touch                Hexes                        1
   b - Confuse                        Hexes                        3
   c - Gell's Gravitas                Translocation                3
   d - Petrify                        Transmutation/Earth          4
   e - Metabolic Englaciation         Hexes/Ice                    5
   f - Yara's Violent Unravelling     Hexes/Transmutation          5
 B - a book of Air

   Spells                             Type                      Level
   a - Shock                          Conjuration/Air              1
   b - Swiftness                      Charms/Air                   2
   c - Static Discharge               Conjuration/Air              3
   d - Airstrike                      Air                          4
   e - Lightning Bolt                 Conjuration/Air              5
 I - a Young Poisoner's Handbook

   Spells                             Type                      Level
   a - Sting                          Conjuration/Poison           1
   b - Poisonous Vapours              Poison/Air                   2
   c - Mephitic Cloud                 Conjuration/Poison/Air       3
   d - Olgreb's Toxic Radiance        Poison                       4
   e - Venom Bolt                     Conjuration/Poison           5
Comestibles
 c - 8 bread rations {@e1}
 h - 7 meat rations {@e1}
 t - 2 royal jellies {@e3}
 O - 4 chunks of flesh

Dungeon Overview and Level Annotations

Branches:
Dungeon (9/15)             Temple (0/1) D:5            Lair (5/6) D:9
  Swamp (0/4) Lair:3       Spider (0/4) Lair:2
  Slime: Lair:5-6       Orc: D:9-12

Altars:
Fedhas
Kikubaaqudgha
Nemelex Xobeh
Okawaru
Qazlal
Ru
Xom
Yredelemnul

Shops:
D:7 ?

Annotations:
Lair:4 exclusion: oklob plant

, * . .. , ....## *
.#..#.### ### *
#.......#####..##*
..............#.#.#
* ,
.......@yy.......y#
, ,,
....#.##Py.<.......,
#,#.##..y.)††......
.#..(............. ,
#................. ,
, #.................
,
#.................,
##................ *
##..............., ,


You could see a queen bee, 2 meliai and a killer bee (berserk).


Message History

* * * LOW HITPOINT WARNING * * *
The killer bee stings you!
* * * LOW HITPOINT WARNING * * *
You feel better.
The killer bee stings you but does no damage.
The meliai hits you but does no damage. You block the meliai's attack.
The killer bee stings you.
* * * LOW HITPOINT WARNING * * *
The killer bee stings you but does no damage.
The meliai hits you with a broad axe!
* * * LOW HITPOINT WARNING * * *
The meliai closely misses you.
The queen bee calls on the meliai to defend it!
The meliai goes berserk!
You feel yourself speed up. The killer bee closely misses you.
The meliai misses you.
The meliai stings you but does no damage.
You block the killer bee's attack. The meliai hits you with a broad axe.
* * * LOW HITPOINT WARNING * * *
The meliai barely misses you. The killer bee barely misses you.
The queen bee stings you but does no damage.
Okay, then.
The meliai rages.
The killer bee stings you but does no damage.
You hear an angry buzzing noise.
Xom thinks this is hilarious!
The queen bee calls on the meliai to defend it!
The meliai goes berserk!
The meliai hits you with a broad axe!!
You die...
Xom roars with laughter!

Skill      XL: |  1  2  3  4  5  6  7  8  9 10 11 12 13 |
---------------+----------------------------------------+-----
Fighting       | 4 5 6 7 9 10 11 12 13 | 13.8
Maces & Flails | 4 5 6 7 8 10 11 12 | 12.4
Dodging        | 1 4 5 7 |  7.7
Armour         | 3 5 7 9 10 | 10.0
Shields        | 2 4 |  4.1

Action                   |  1- 3 |  4- 6 |  7- 9 | 10-12 | 13-15 || total
-------------------------+-------+-------+-------+-------+-------++-------
Melee: Mace              |   108 |   217 |    18 |       |       ||   343
       Kick              |       |    14 |    94 |   332 |    34 ||   474
       Flail             |       |       |   307 |   349 |       ||   656
       Whip              |       |       |       |   487 |   100 ||   587
Evoke: Wand              |       |       |       |       |     1 ||     1
  Use: Scroll            |       |       |     9 |     7 |       ||    16
       Potion            |       |       |     2 |    11 |     2 ||    15
 Stab: Paralysed         |     1 |     2 |       |       |       ||     3
       Confused          |       |     2 |     1 |     4 |       ||     7
  Eat: Chunk             |     2 |     5 |     5 |    14 |     2 ||    28
       Royal jelly       |       |     1 |       |     2 |     1 ||     4
       Meat ration       |       |       |     1 |     1 |       ||     2
Armor: Leather armour    |    59 |   138 |    27 |       |       ||   224
       Chain mail        |       |       |   225 |   330 |    38 ||   593
Dodge: Dodged            |    82 |   140 |   139 |   299 |    49 ||   709
Block: Buckler           |       |       |       |    20 |    23 ||    43

Vault maps used:
D:1:      eino_arrival_water_star
D:2:      st_stairs_13, grunt_ministairs_6
D:3:      portal_sewer_entry_b, chequers_ecumenical_altar_simple, first_bread
D:4:      old_standard_altar, serial_glass, glass_columns_a, glass_columns_a,
          glass_columns_c, glass_columns_a, glass_columns_a, glass_columns_b
D:5:      gammafunk_temple_overflow_statue, yredelemnul_altar_generic,
          minmay_temple_entry_statues_pillars, uniq_menkaure
D:6:      lemuel_doored_altar
D:7:      serial_shops, shop_statue, the_bakery, lemuel_tele_altar
D:8:      basic_altar, okawaru_trees_1, uniq_joseph
D:9:      due_lair_maze_entry_diamond, serial_corexii_hall,
          corexii_hall_statues_u, corexii_hall_statues_s, corexii_checkpoint_b
Lair:1:   minmay_guarded_unrand_snakebite, beast_lair_carwin_11, uniq_erica
Lair:2:   spider_nest_entry_web_field, portal_ice_cave_entry_pillars_2,
          serial_bayou_shore_a, grunt_megastairs_2
Lair:3:   minmay_lair_venomous_thicket, minmay_swamp_entry_reptiles,
          grunt_megastairs_1
Lair:5:   special_room, st_stairs_3
Sewer:    sewer_minmay_treatment
IceCv:    ice_cave_statue_garden_chambered

Notes
Turn   | Place    | Note
-------+----------+-------------------------------------------
     0 | D:1      | Jazqa the Gargoyle Chaos Knight began the quest for the Orb.
     0 | D:1      | Reached XP level 1. HP: 14/14 MP: 1/1
   105 | D:1      | Reached XP level 2. HP: 18/19 MP: 2/2
   109 | D:1      | XOM: divination: detect items
   299 | D:1      | XOM: harmless Tloc miscast
   307 | D:1      | XOM: smoke on damage
   339 | D:1      | XOM: confusion
   344 | D:1      | Reached XP level 3. HP: 22/24 MP: 3/3
   531 | D:1      | Reached skill level 4 in Fighting
   561 | D:1      | XOM: give mutations
   561 | D:1      | Gained mutation: You are somewhat resistant to further mutation. [Xom's grace]
   561 | D:1      | Gained mutation: You have sharp fingernails. [Xom's grace]
  1048 | D:2      | XOM: 1-stop teleportation journey
  1394 | D:2      | Reached skill level 4 in Maces & Flails
  1665 | D:3      | Reached XP level 4. HP: 29/29 MP: 4/4
  1683 | D:3      | Noticed a bullfrog
  1690 | D:3      | Killed a bullfrog
  1690 | D:3      | Reached XP level 5. HP: 28/34 MP: 5/5
  1691 | D:3      | Found a faded altar of an unknown god.
  1745 | D:3      | XOM: 6-stop teleportation journey
  1798 | D:3      | XOM: fog
  1802 | D:3      | XOM: scenery: create altars
  1822 | D:3      | Reached skill level 5 in Fighting
  1827 | D:3      | XOM: cleaving
  1920 | D:3      | XOM: scenery: create altars
  1942 | D:3      | XOM: cloud trail
  1953 | D:3      | Found a glowing drain.
  1974 | Sewer    | Entered a sewer
  2009 | Sewer    | Noticed a big kobold
  2009 | Sewer    | Noticed a big kobold
  2010 | Sewer    | Killed a big kobold
  2010 | Sewer    | XOM: destruction
  2015 | Sewer    | Killed a big kobold
  2015 | Sewer    | Reached skill level 5 in Maces & Flails
  2028 | Sewer    | Reached XP level 6. HP: 30/40 MP: 6/6
  2072 | Sewer    | XOM: enchant monster (good)
  2141 | Sewer    | XOM: fake destruction
  2296 | Sewer    | XOM: 1-stop teleportation journey
  2313 | Sewer    | XOM: divine lightning
  2443 | Sewer    | XOM: give mutations
  2443 | Sewer    | Gained mutation: Your mind is acute. (Int +2) [Xom's grace]
  2443 | Sewer    | Gained mutation: Your spells are a little harder to cast, but a little more powerful. [Xom's grace]
  2443 | Sewer    | Gained mutation: You have sharp toenails. [Xom's grace]
  2443 | Sewer    | Gained mutation: Your flesh is cold resistant. (rC+) [Xom's grace]
  2640 | Sewer    | XOM: scenery: create altars
  2991 | D:3      | XOM: harmless Chrm miscast
  3176 | D:4      | XOM: mild Tmut miscast
  3216 | D:4      | Noticed a phantom
  3216 | D:4      | XOM: confusion (+ monsters)
  3217 | D:4      | XOM: summons 6 friendly demons
  3274 | D:4      | Killed a phantom
  3274 | D:4      | Reached skill level 6 in Fighting
  3380 | D:4      | XOM: silly message
  3433 | D:4      | Found an ancient bone altar of Kikubaaqudgha.
  3434 | D:4      | XOM: cleaving
  3438 | D:4      | Reached skill level 6 in Maces & Flails
  3438 | D:4      | Reached XP level 7. HP: 46/46 MP: 7/7
  3560 | D:4      | XOM: god gift: glowing arbalest {god gift}
  3599 | D:4      | XOM: harmless Pois miscast
  3676 | D:5      | Entered Level 5 of the Dungeon
  3684 | D:5      | Found a basalt altar of Yredelemnul.
  3728 | D:5      | Found a stormy altar of Qazlal.
  3729 | D:5      | Found a sparkling altar of Nemelex Xobeh.
  3831 | D:5      | Found a staircase to the Ecumenical Temple.
  4009 | D:5      | Noticed Menkaure
  4021 | D:5      | Killed Menkaure
  4021 | D:5      | Reached skill level 7 in Fighting
  4240 | D:6      | Found a sacrificial altar of Ru.
  4271 | D:6      | XOM: potion effect (heal wounds)
  4272 | D:6      | XOM: confuse monster(s)
  4283 | D:6      | Reached skill level 7 in Maces & Flails
  4286 | D:6      | Reached XP level 8. HP: 38/53 MP: 8/8
  4319 | D:6      | XOM: divination: detect items
  4554 | D:6      | Noticed Shiggy's ghost (novice MiFi)
  4562 | D:6      | XOM: potion effect (agility)
  4584 | D:6      | XOM: noise
  4589 | D:6      | XOM: summons friendly quasit
  4626 | D:6      | Killed Shiggy's ghost
  4626 | D:6      | Reached skill level 9 in Fighting
  4626 | D:6      | Reached skill level 8 in Maces & Flails
  4768 | D:6      | Reached XP level 9. HP: 55/60 MP: 9/9
  4777 | D:6      | Got a steaming jade ring
  4779 | D:6      | Identified the ring "Coefemish" {+Blink rF+ SInv} (You found it on level 6 of the Dungeon)
  4791 | D:6      | Got a steaming lapis lazuli ring
  5019 | D:6      | Reached skill level 9 in Maces & Flails
  5023 | D:6      | XOM: cloud trail
  5247 | D:6      | XOM: give mutations
  5247 | D:6      | Gained mutation: You are robust. (+10% HP) [Xom's grace]
  5247 | D:6      | Gained mutation: You are agile. (Dex +2) [Xom's grace]
  5247 | D:6      | Lost mutation: You are somewhat resistant to further mutation. [Xom's grace]
  5247 | D:6      | Gained mutation: You evolve. [Xom's grace]
  5247 | D:6      | Lost mutation: You evolve. [Xom's grace]
  5247 | D:6      | Gained mutation: You are somewhat resistant to further mutation. [Xom's grace]
  5286 | D:7      | XOM: enchant monster (good)
  5354 | D:6      | XOM: divination: detect creatures
  5368 | D:6      | Reached skill level 10 in Fighting
  5608 | D:7      | Found Buifud's Magic Scroll Shoppe.
  5670 | D:7      | XOM: cast spell 'Metabolic Englaciation'
  5735 | D:7      | XOM: 1-stop teleportation journey
  5812 | D:7      | Reached skill level 1 in Dodging
  6098 | D:7      | XOM: silly message
  6166 | D:7      | XOM: medium Pois miscast
  6226 | D:7      | XOM: mild Tloc miscast
  6463 | D:7      | Found a stormy altar of Qazlal.
  6502 | D:8      | Reached skill level 3 in Armour
  6504 | D:8      | Reached skill level 10 in Maces & Flails
  6507 | D:8      | Identified the ring of Coru {*Contam +Fly rPois Stlth+} (You took it off a centaur on level 6 of the Dungeon)
  6529 | D:8      | Gained mutation: Armour fits poorly on your strangely shaped body. [mutagenic glow]
  6533 | D:8      | Found a blossoming altar of Fedhas.
  6536 | D:8      | Found an iron altar of Okawaru.
  6542 | D:8      | Noticed Joseph
  6558 | D:8      | XOM: enchant monster (bad)
  6564 | D:8      | Reached XP level 10. HP: 57/74 MP: 10/10
  6564 | D:8      | XOM: medium Ice miscast
  6581 | D:8      | XOM: noise
  6584 | D:8      | XOM: mild Summ miscast
  6587 | D:8      | Killed Joseph
  6587 | D:8      | Reached skill level 2 in Dodging
  6708 | D:8      | XOM: scenery: create altars
  6771 | D:8      | Reached skill level 4 in Armour
  6802 | D:8      | XOM: give mutations
  6802 | D:8      | Lost mutation: You are agile. (Dex +2) [Xom's mischief]
  6802 | D:8      | Gained mutation: Scrolls take you a little longer to read. [Xom's mischief]
  7084 | D:8      | XOM: give mutations
  7084 | D:8      | Gained mutation: You are agile. (Dex +2) [Xom's mischief]
  7084 | D:8      | Lost mutation: Scrolls take you a little longer to read. [Xom's mischief]
  7324 | D:9      | Found a staircase to the Lair.
  7341 | D:9      | Reached skill level 11 in Fighting
  7353 | D:9      | Reached skill level 3 in Dodging
  7416 | D:9      | XOM: mild Erth miscast
  7717 | D:9      | XOM: 6-stop teleportation journey
  7899 | D:9      | XOM: blink monster(s)
  7910 | D:9      | Reached skill level 5 in Armour
  8090 | D:9      | XOM: summons 1 hostile demon
  8135 | D:9      | XOM: polymorph sky beast -> wyvern
  8153 | D:9      | XOM: summons friendly shadow imp
  8177 | D:9      | XOM: smoke on damage
  8185 | D:9      | XOM: smoke on damage
  8186 | D:9      | Reached skill level 4 in Dodging
  8190 | D:9      | Reached XP level 11. HP: 39/82 MP: 11/11
  8192 | D:9      | XOM: summons friendly ufetubus
  8197 | D:9      | Reached skill level 11 in Maces & Flails
  8502 | D:9      | XOM: god gift: meat ration
  8513 | Lair:1   | Entered Level 1 of the Lair of Beasts
  8527 | Lair:1   | XOM: confuse monster(s)
  8767 | Lair:1   | Reached skill level 6 in Armour
  9355 | Lair:1   | Reached skill level 12 in Fighting
  9366 | Lair:1   | XOM: confusion
  9376 | Lair:1   | XOM: enchant monster (bad)
  9378 | Lair:1   | XOM: confusion (+ monsters)
  9382 | Lair:1   | XOM: summons 3 hostile demons
  9397 | Lair:1   | XOM: smoke on damage
  9403 | Lair:1   | XOM: butterfly on damage
  9404 | Lair:1   | XOM: give mutations
  9404 | Lair:1   | Gained mutation: You possess an exceptional clarity of mind. [Xom's mischief]
  9404 | Lair:1   | Lost mutation: Your spells are a little harder to cast, but a little more powerful. [Xom's mischief]
  9404 | Lair:1   | Lost mutation: Your flesh is cold resistant. (rC+) [Xom's mischief]
  9404 | Lair:1   | Lost mutation: Your mind is acute. (Int +2) [Xom's mischief]
  9481 | Lair:1   | XOM: fog
  9491 | Lair:1   | Reached skill level 5 in Dodging
  9495 | Lair:1   | XOM: divination: detect items
  9719 | Lair:1   | Reached skill level 7 in Armour
  9725 | Lair:1   | Noticed Erica
  9732 | Lair:1   | XOM: potion effect (brilliance)
  9735 | Lair:1   | Killed Erica
  9849 | Lair:1   | XOM: harmless Summ miscast
  9851 | Lair:1   | XOM: divination: detect items
  9891 | Lair:1   | XOM: swap monsters
 10155 | Lair:1   | XOM: swap monsters
 10203 | Lair:1   | XOM: swap monsters
 10275 | Lair:1   | XOM: give mutations
 10275 | Lair:1   | Gained mutation: You have razor-sharp toenails. [Xom's mischief]
 10275 | Lair:1   | Gained mutation: You are dopey. (Int -2) [Xom's mischief]
 10275 | Lair:1   | Lost mutation: You are dopey. (Int -2) [Xom's mischief]
 10275 | Lair:1   | Gained mutation: Your body sometimes deteriorates upon taking damage. [Xom's mischief]
 10345 | Lair:1   | XOM: 2-stop teleportation journey
 10450 | Lair:1   | XOM: god gift: scroll of amnesia
 10552 | Lair:2   | Found a frozen archway.
 10571 | IceCv    | Entered an ice cave
 10574 | IceCv    | XOM: divination: detect creatures
 10585 | IceCv    | XOM: confuse monster(s)
 10586 | IceCv    | Reached XP level 12. HP: 90/90 MP: 12/12
 10593 | IceCv    | XOM: potion effect (agility)
 10625 | IceCv    | XOM: confuse monster(s)
 10630 | IceCv    | Reached skill level 8 in Armour
 10652 | IceCv    | XOM: confuse monster(s)
 10657 | IceCv    | Reached skill level 6 in Dodging
 10667 | IceCv    | XOM: cast spell 'Summon Ice Beast'
 10783 | IceCv    | XOM: divination: detect creatures
 10797 | IceCv    | XOM: confuse monster(s)
 10801 | IceCv    | XOM: enchant monster (good)
 10812 | IceCv    | XOM: cast spell 'Summon Small Mammal'
 10892 | IceCv    | XOM: mild Tloc miscast
 11104 | IceCv    | XOM: mild Tmut miscast
 11141 | IceCv    | Reached skill level 12 in Maces & Flails
 11157 | IceCv    | Got spiked ice dragon scales
 11168 | IceCv    | Identified the cursed +1 ice dragon scales "Umabrit" {rF- rC++ Int+5} (You found it in an ice cave)
 11443 | Lair:2   | XOM: potion effect (berserk rage)
 11585 | Lair:2   | Found a hole to the Spider Nest.
 11811 | Lair:2   | XOM: harmless Hex miscast
 11828 | Lair:2   | Reached skill level 13 in Fighting
 11865 | Lair:2   | XOM: silly message
 12011 | Lair:2   | XOM: harmless Erth miscast
 12020 | Lair:2   | XOM: enchant monster (bad)
 12037 | Lair:2   | XOM: enchant monster (bad)
 12067 | Lair:2   | XOM: draining
 12086 | Lair:2   | XOM: harmless Conj miscast
 12456 | Lair:3   | XOM: scenery: create altars
 12467 | Lair:3   | XOM: mild Hex miscast
 12501 | Lair:3   | Reached skill level 9 in Armour
 12540 | Lair:3   | Found a staircase to the Swamp.
 12546 | Lair:3   | XOM: smoke on damage
 12602 | Lair:3   | XOM: polymorph black mamba -> hippogriff
 12710 | Lair:3   | Got a warped chain mail
 12721 | Lair:3   | Identified the +3 chain mail of the Many Places {*Slow rF+ rC+ rCorr} (You found it on level 3 of the Lair of Beasts)
 13135 | Lair:3   | XOM: scenery: create altars
 13247 | Lair:3   | Reached skill level 1 in Shields
 13274 | Lair:4   | Reached skill level 7 in Dodging
 13345 | Lair:4   | XOM: stat loss: -1 Dex (12/14)
 13414 | Lair:4   | XOM: mild Fire miscast
 13485 | Lair:4   | XOM: mild Necr miscast
 13486 | Lair:4   | XOM: give mutations
 13486 | Lair:4   | Gained mutation: You passively map a small area around you. [Xom's grace]
 13486 | Lair:4   | Gained mutation: You are partially covered in iridescent scales. (AC +2) [Xom's grace]
 13486 | Lair:4   | Gained mutation: You have very sharp fingernails. [Xom's grace]
 13486 | Lair:4   | Gained mutation: You have claws for feet. [Xom's grace]
 13494 | Lair:4   | Reached skill level 2 in Shields
 13498 | Lair:4   | XOM: 1-stop teleportation journey
 13565 | Lair:4   | XOM: harmless Ice miscast
 13736 | Lair:4   | XOM: noise
 13748 | Lair:4   | XOM: swap monsters
 13761 | Lair:4   | XOM: summons 5 friendly demons
 13766 | Lair:4   | XOM: summons friendly crimson imp
 13772 | Lair:4   | Reached XP level 13. HP: 53/96 MP: 13/13
 13795 | Lair:4   | Reached skill level 3 in Shields
 14026 | Lair:4   | XOM: noise
 14048 | Lair:4   | XOM is BORED!
 14048 | Lair:4   | XOM: mild Erth miscast
 14134 | Lair:4   | XOM: potion effect (brilliance)
 14158 | Lair:4   | XOM: mild Erth miscast
 14235 | Lair:4   | XOM: mild Hex miscast
 14276 | Lair:4   | XOM: mild Tloc miscast
 14347 | Lair:4   | XOM: mild Necr miscast
 14565 | Lair:5   | XOM: polymorph killer bee -> bullfrog
 14569 | Lair:5   | Reached skill level 10 in Armour
 14572 | Lair:5   | Reached skill level 4 in Shields
 14703 | Lair:5   | XOM: confuse monster(s)
 14717 | Lair:5   | HP: 8/97 [meliai/broad axe (9)]
 14720 | Lair:5   | Mangled by a meliai

Vanquished Creatures
  Erica (Lair:1)
  The ghost of Shiggy the Blocker, a novice MiFi of Okawaru (D:6)
  2 ugly things (IceCv)
  4 black mambas
  3 ice statues (IceCv)
  Joseph (D:8)
  6 spiny frogs
  A rime drake (Lair:4)
  5 komodo dragons
  A meliai (Lair:5)
  A polar bear (Lair:3)
  A troll (D:9)
  A hippogriff (Lair:3)
  32 blink frogs
  22 yaks
  A spriggan (D:7)
  A wyvern (D:9)
  A hungry ghost (D:8)
  2 basilisks
  Menkaure (D:5)
  A spatial vortex (D:7)
  10 water moccasins
  10 porcupines
  4 orc warriors
  6 ice beasts (IceCv)
  A black bear (D:9)
  2 necrophages
  2 sky beasts
  2 ogres
  3 phantoms
  3 centaurs
  5 crocodiles
  2 big kobolds
  14 bullfrogs
  4 scorpions
  12 killer bees
  3 howler monkeys
  A bullfrog zombie (D:8)
  2 bullfrog skeletons (D:9)
  2 hounds
  5 orc priests
  2 jellies
  3 iguanas (Lair:3)
  11 orc wizards
  5 worker ants
  A hound skeleton (D:7)
  3 gnolls (D:3)
  19 adders
  3 river rats (Sewer)
  2 shadow imps
  2 adder zombies
  An adder skeleton (D:4)
  2 dart slugs
  3 leopard geckos
  25 orcs
  2 giant cockroaches
  7 hobgoblins
  12 jackals
  A quokka (D:4)
  8 ball pythons
  6 bats
  7 frilled lizards
  7 goblins
  22 kobolds
  A quokka skeleton (D:4)
  28 rats
  5 fungi
  A plant (D:9)
371 creatures vanquished.

Vanquished Creatures (collateral kills)
  An orc warrior (D:6)
  An ice beast (D:6)
  A big kobold (D:9)
  A river rat (Sewer)
  3 rats (Sewer)
7 creatures vanquished.

Vanquished Creatures (others)
  2 big kobolds (Sewer)
  3 kobolds (Sewer)
  15 fungi
  A plant (D:9)
21 creatures vanquished.

Grand Total: 399 creatures vanquished
